cohdb
Replays
Latest Replays
All Replays
Popular Replays
Top Player Replays
Match Explorer
How It Works
Community
CoH3 Stats
Reddit
Sign in to upload your games and track your stats! →
Sign in with Steam
Match 45470727
Unlisted
Match 45470727
Overview
Messages
Build Orders
End
Kettenkrad Recon Vehicle
Construct Infanterie Kompanie
Selects Terror Battlegroup
Selects Machine Gun Camouflage
MG 42 Machine Gun Team
Sniper
Grenadier Squad
Sniper
Construct Panzergrenadier Kompanie
Pak 40 Anti-tank Gun Team
Panzergrenadier Squad
Medical Station
Kettenkrad Recon Vehicle
Panzergrenadier Squad
Selects Contempt for the Weak
Selects Propaganda Leaflet Drop
Propaganda Leaflet Drop
Kettenkrad Recon Vehicle
Construct Panzer Kompanie
Panzer IV Medium Tank
Stoßtruppen Squad
Selects V1 Rocket Strike
Pioneer Squad
Panzergrenadier Officer Quarters
Propaganda Leaflet Drop
Codenames
Howdy?
Weissweinschorle - Das Original
vincent
갓건영
Exf
Gravey
kyoung5gi
0
0
Comments
sign in to comment!
No comments posted yet!